 Dungeon Crawl Stone Soup version 0.21.1-1-g345015f (webtiles) character file.

2146 nicolaieve the Cleaver (level 9, -1/71 HPs)
             Began as a Minotaur Berserker on June 13, 2018.
             Was a High Priest of Trog.
             Slain by a nine-headed hydra (7 damage)
             ... on level 7 of the Dungeon.
             The game lasted 00:26:31 (4602 turns).

nicolaieve the Cleaver (Minotaur Berserker)         Turns: 4602, Time: 00:26:32

Health: -1/71      AC: 14    Str: 26    XL:     9   Next: 9%
Magic:  2/2        EV:  9    Int:  4    God:    Trog [*****.]
Gold:   454        SH:  0    Dex: 12    Spells: 8/8 levels left

rFire    . . .     SeeInvis .   A - +4 battleaxe (antimagic)
rCold    . . .     Gourm    .   (shield currently unavailable)
rNeg     . . .     Faith    +   o - +2 chain mail {rPois}
rPois    +         Spirit   .   (helmet restricted)
rElec    .         Reflect  .   (no cloak)
rCorr    .         Harm     .   D - +0 pair of gloves
MR       +....                  (no boots)
Stlth    ..........             q - amulet of faith
HPRegen  0.21/turn              I - +3 ring of strength
MPRegen  0.08/turn              F - ring of protection from magic

@: no status effects
A: retaliatory headbutt, horns 2
a: Berserk, Trog's Hand, Brothers in Arms, Burn Spellbooks, Renounce Religion


You were on level 7 of the Dungeon.
You worshipped Trog.
Trog was extremely pleased with you.
You were not hungry.

You visited 1 branch of the dungeon, and saw 7 of its levels.
You also visited: Ossuary.

You collected 454 gold pieces.

Inventory:

Hand Weapons
 t - a +4 antimagic hand axe
 A - a +4 antimagic battleaxe (weapon)
 G - a +0 battleaxe
Missiles
 l - 197 stones (quivered)
Armour
 o - a +2 chain mail of poison resistance (worn)
 D - a +0 pair of gloves (worn)
Jewellery
 d - an uncursed ring of protection from fire
 q - an amulet of faith (around neck)
 F - a ring of protection from magic (right hand)
 H - an uncursed ring of flight
 I - a +3 ring of strength (left hand)
 J - an uncursed ring of protection from cold {unknown}
Wands
 y - a wand of flame (29)
Scrolls
 b - 3 scrolls of remove curse
 e - 2 scrolls of enchant weapon {unknown}
 j - 6 scrolls of enchant armour {unknown}
 p - 6 scrolls of teleportation {unknown}
 u - 2 scrolls of noise {unknown}
 w - a scroll of fog {unknown}
 K - a scroll of silence {unknown}
Potions
 f - a potion of ambrosia
 h - 3 potions of mutation
 i - 3 potions of haste
 k - 2 potions of might {unknown}
 m - 2 potions of cancellation {unknown}
 n - 10 potions of curing
 s - 4 potions of heal wounds
 v - 3 potions of degeneration
 x - 3 potions of brilliance
 z - a potion of agility
 B - a potion of berserk rage {unknown}
 C - a potion of lignification {unknown}
Books
 a - a book of Callings

   Spells                             Type                      Level
   a - Summon Small Mammal            Summoning                    1
   b - Call Imp                       Summoning                    2
   c - Call Canine Familiar           Summoning                    3
   d - Summon Guardian Golem          Hexes/Summoning              3
   e - Summon Lightning Spire         Summoning/Air                4
   f - Summon Ice Beast               Ice/Summoning                4
   Trog disapproves of the use of such an item.
Comestibles
 c - 10 rations
 E - a chunk of flesh


   Skills:
 - Level 4.0 Fighting
 + Level 12.5 Axes
 - Level 7.3 Armour
 - Level 2.2 Dodging


You had 8 spell levels left.
You didn't know any spells.

Dungeon Overview and Level Annotations

Branches:
Dungeon (7/15)             Temple (0/1) D:5

Altars:
Gozag

Annotations:
D:7 Joseph


Innate Abilities, Weirdness & Mutations

You reflexively headbutt those who attack you in melee.
You have a pair of horns on your head.


Message History

The six-headed hydra grows two more!
You slash the eight-headed hydra!
The eight-headed hydra is heavily wounded.
The eight-headed hydra bites you but does no damage.
The eight-headed hydra bites you.
The eight-headed hydra bites you but does no damage. x4
The eight-headed hydra bites you.
The eight-headed hydra bites you but does no damage.
You chop one of the eight-headed hydra's heads off!
The seven-headed hydra grows two more!
You hit the nine-headed hydra.
Your headbutt misses the nine-headed hydra.
The nine-headed hydra is moderately wounded.
The nine-headed hydra bites you. The nine-headed hydra bites you!
The nine-headed hydra bites you.
* * * LOW HITPOINT WARNING * * *
The nine-headed hydra barely misses you.
The nine-headed hydra bites you!
* * * LOW HITPOINT WARNING * * *
The nine-headed hydra closely misses you.
The nine-headed hydra misses you. The nine-headed hydra bites you!
You die...

#############
##.....##....#
##.......#....#
###.............#
................#
#####....)[.......#
.........<[.......#
......)...........#
...............D@<#
.>................#
..................#
..###............##
.# #.>..........# #
##........>..#
.......###### ...


You could see a nine-headed hydra.

Vanquished Creatures
  The ghost of Sapher the Grave Robber, an amateur GnNe (D:6)
  The ghost of diana the Sneak, an amateur NaAs (D:4)
  The ghost of diana the Slasher, an amateur BaFi (D:3)
  Edmund (D:4)
  A water moccasin (D:5)
  A sky beast (D:5)
  4 ogres
  A bullfrog (D:2)
  2 bullfrog zombies
  2 jellies
  2 hounds
  2 orc priests
  7 orc wizards
  A bullfrog skeleton (D:5)
  Terence (D:2)
  2 iguanas
  3 worker ants
  A hound zombie (D:4)
  13 mummies (Ossuary)
  4 adders
  An ooze (D:3)
  A worm (D:2)
  6 leopard geckos
  22 orcs
  8 bats
  6 giant cockroaches
  8 goblins
  6 hobgoblins
  2 jackals (D:3)
  13 kobolds
  2 quokkas
  4 ball pythons
  5 frilled lizards
  2 gnoll skeletons (Ossuary)
  2 goblin skeletons (Ossuary)
  A jackal skeleton (D:3)
  4 kobold skeletons (Ossuary)
  A leopard gecko zombie (D:7)
  A quokka skeleton (D:5)
  8 rats
  11 rat skeletons (Ossuary)
165 creatures vanquished.

Notes
Turn   | Place    | Note
-------+----------+-------------------------------------------
     0 | D:1      | nicolaieve the Minotaur Berserker began the quest for the Orb.
     0 | D:1      | Reached XP level 1. HP: 19/19 MP: 0/0
   157 | D:1      | Reached skill level 4 in Axes
   174 | D:1      | Reached XP level 2. HP: 17/27 MP: 1/1
   979 | D:2      | Reached ** piety under Trog
   979 | D:2      | Reached XP level 3. HP: 31/33 MP: 2/2
  1011 | D:2      | Noticed Terence
  1021 | D:2      | Killed Terence
  1021 | D:2      | Reached skill level 5 in Axes
  1047 | D:2      | Noticed a bullfrog
  1063 | D:2      | Killed a bullfrog
  1063 | D:2      | Reached skill level 6 in Axes
  1063 | D:2      | Reached XP level 4. HP: 19/40 MP: 3/3
  1785 | D:2      | Reached XP level 5. HP: 42/46 MP: 4/4
  2072 | D:3      | Reached skill level 7 in Axes
  2192 | D:3      | Noticed diana's ghost (amateur BaFi)
  2202 | D:3      | Killed diana's ghost
  2202 | D:3      | Reached skill level 8 in Axes
  2202 | D:3      | Reached XP level 6. HP: 48/52 MP: 1/5
  2220 | D:3      | Reached *** piety under Trog
  2421 | D:3      | Found an opulent altar of Gozag.
  2440 | D:4      | Found a sand-covered staircase.
  2458 | Ossuary  | Entered an ossuary
  2616 | Ossuary  | Reached **** piety under Trog
  2616 | Ossuary  | Reached skill level 9 in Axes
  2888 | D:4      | Noticed Edmund
  2893 | D:4      | Reached XP level 7. HP: 58/58 MP: 2/6
  2899 | D:4      | Killed Edmund
  2955 | D:4      | Reached skill level 10 in Axes
  3125 | D:4      | Noticed diana's ghost (amateur NaAs)
  3136 | D:4      | Killed diana's ghost
  3501 | D:5      | Entered Level 5 of the Dungeon
  3557 | D:5      | Reached XP level 8. HP: 45/66 MP: 2/7
  3614 | D:5      | Reached skill level 11 in Axes
  3656 | D:5      | Reached skill level 5 in Armour
  3678 | D:5      | Reached ***** piety under Trog
  3826 | D:5      | Found a staircase to the Ecumenical Temple.
  4028 | D:6      | Noticed Sapher's ghost (amateur GnNe)
  4042 | D:6      | Killed Sapher's ghost
  4075 | D:6      | Found an opulent altar of Gozag.
  4215 | D:6      | Reached skill level 12 in Axes
  4298 | D:6      | Reached XP level 9. HP: 71/71 MP: 2/8
  4353 | D:6      | Got a translucent scale mail
  4364 | D:6      | Identified the cursed +1 scale mail "Qilos" {rElec rC+ Str-4} (You found it on level 6 of the Dungeon)
  4521 | D:7      | Noticed Joseph
  4550 | D:7      | Received a gift from Trog
  4588 | D:7      | Noticed a four-headed hydra
  4602 | D:7      | Slain by a nine-headed hydra

Skill      XL: |  1  2  3  4  5  6  7  8 |
---------------+-------------------------+-----
Axes           | 4 6 8 9 10 12 | 12.5
Fighting       | 4 |  4.0
Armour         | 4 7 |  7.3
Dodging        | |  2.2

Action                   |  1- 3 |  4- 6 |  7- 9 || total
-------------------------+-------+-------+-------++-------
Melee: Hand axe          |    77 |   160 |   142 ||   379
       Headbutt          |     8 |    32 |    28 ||    68
       Battleaxe         |       |       |    10 ||    10
Invok: Berserk           |     1 |     3 |     3 ||     7
  Use: Scroll            |       |     6 |     4 ||    10
  Eat: Chunk             |       |     3 |     9 ||    12
       Ration            |       |     2 |       ||     2
Armor: Scale mail        |    26 |       |       ||    26
       Animal skin       |     1 |       |       ||     1
       Chain mail        |    14 |    58 |    74 ||   146
Dodge: Dodged            |    41 |    67 |    60 ||   168
